 Dungeon Crawl Stone Soup version 0.27.0-1-g7a089689b8 (webtiles) character file.

Game seed: 11144343638756074748

19026 ZARRMARR the Cleaver (level 12, -8/106 HPs)
             Began as a Hill Orc Fighter on Aug 8, 2021.
             Was a Believer of Beogh.
             Mangled by Snorg (11 damage)
             ... on level 12 of the Dungeon.
             The game lasted 01:44:39 (19069 turns).

ZARRMARR the Cleaver (Hill Orc Fighter)            Turns: 19069, Time: 01:44:40

Health: -8/106     AC: 10    Str: 30    XL:     12   Next: 64%
Magic:  12/12      EV: 15    Int:  8    God:    Beogh [**....]
Gold:   662        SH:  0    Dex: 22    Spells: 11/11 levels left

rFire    + . .     SeeInvis .   S - +6 trident of Poimehed {flame, rN++}
rCold    . . .     Faith    .   (no shield)
rNeg     + + .     Spirit   .   Q - +3 leather armour of Grim Amelioration {rElec rF+ Dex+6}
rPois    .         Reflect  .   (no helmet)
rElec    +         Harm     .   i - +1 cloak {Stlth+}
rCorr    .         Rampage  .   (no gloves)
Will     .....                  H - +0 pair of boots
Stlth    +++.......             Y - amulet of the acrobat
HPRegen  0.27/turn              l - +6 ring of strength
MPRegen  0.13/turn              I - +6 ring of dexterity

@: no status effects
A: no striking features
a: Renounce Religion, Smiting


You were on level 12 of the Dungeon.
You worshipped Beogh.
Beogh was pleased with you.
You visited 1 branch of the dungeon, and saw 12 of its levels.
You also visited: Sewer.

You collected 662 gold pieces.

Inventory:

Hand Weapons
 a - a +3 mace of freezing
 O - a +5 battleaxe
 S - the +6 trident of Poimehed (weapon) {flame, rN++}
   (You found it on level 8 of the Dungeon)

   It burns those it strikes, dealing additional fire damage.
   rN:        It greatly protects you from negative energy.
Missiles
 d - 40 poisoned darts (quivered)
 f - 364 stones
 o - a curare-tipped dart
 z - 7 javelins
 D - 3 silver boomerangs
Armour
 b - a +0 scale mail
 c - a +0 kite shield
 i - a +1 cloak of stealth (worn)
 m - the +3 ring mail of a bailey {Rampage rPois rF- rC+ Will++}
   (You found it on level 8 of the Dungeon)

   rF:        It makes you vulnerable to fire.
   rC:        It protects you from cold.
   rPois:     It protects you from poison.
   Rampage:   It bestows one free step when moving towards enemies.
   Will:      It greatly increases your willpower.
 H - a +0 pair of boots (worn)
 L - a +0 troll leather armour
 Q - the +3 leather armour of Grim Amelioration (worn) {rElec rF+ Dex+6}
   (You found it on level 9 of the Dungeon)

   Dex:       It affects your dexterity (+6).
   rF:        It protects you from fire.
   rElec:     It insulates you from electricity.
 R - a +3 leather armour of cold resistance
 W - +0 acid dragon scales
Jewellery
 l - a +6 ring of strength (left hand)
 n - a +4 ring of evasion
 r - a +6 ring of intelligence
 x - a ring of flight
 A - a ring of magical power
 C - a ring of positive energy
 E - a ring of resist corrosion
 G - a ring of wizardry
 I - a +6 ring of dexterity (right hand)
 N - a +4 ring of evasion
 U - a ring of willpower
 Y - an amulet of the acrobat (around neck)
Wands
 e - a wand of acid (14)
 u - a wand of iceblast (20)
 y - a wand of charming (11)
 K - a wand of flame (61)
 X - a wand of mindburst (12)
Scrolls
 s - a scroll of amnesia {unknown}
 t - 4 scrolls of enchant weapon
 v - a scroll of fear
 T - a scroll of enchant armour
Potions
 g - 3 potions of curing
 h - a potion of cancellation
 k - 2 potions of resistance
 p - 4 potions of mutation
 q - a potion of magic {unknown}
 F - a potion of degeneration {unknown}
 M - a potion of attraction {unknown}
 P - 2 potions of flight {unknown}
 Z - a potion of ambrosia {unknown}


   Skills:
 + Level 10.1 Fighting
 - Level 13.1(14.2) Axes
 + Level 8.0(10.7) Polearms
 + Level 7.7 Throwing
 + Level 8.4 Armour
 + Level 5.1 Dodging
 + Level 2.6 Stealth
 + Level 7.0 Shields
 + Level 1.1 Evocations


You had 11 spell levels left.
You didn't know any spells.
Your spell library was empty.

Dungeon Overview and Level Annotations

Branches:
Dungeon (12/15)            Temple (0/1) D:7            Lair (0/6) D:10
    Orc (0/2) D:11          Sewer (visited)

Altars:
The Shining One

Shops:
D:4 [   D:8 =[(*:

Annotations:
D:3 2 transporters, shummie's ghost, amateur TeWr
D:6 Blork the orc
D:12 Snorg


Message History

* * * LOW HITPOINT WARNING * * *
Snorg claws you but does no damage. Snorg misses you.
Okay, then.
Unknown command.
Snorg closely misses you. Snorg completely misses you. x2
Snorg misses you. Snorg completely misses you. x2
Snorg completely misses you. x3
Snorg closely misses you. Snorg completely misses you. Snorg claws you.
* * * LOW HITPOINT WARNING * * *
Snorg closely misses you. Snorg barely misses you. Snorg closely misses you.
Snorg barely misses you. Snorg misses you. x2
You hit Snorg. You burn Snorg.
Snorg is heavily wounded.
Snorg completely misses you. Snorg closely misses you. Snorg barely misses you.
Throw: throwing net
Press: ? - help, Q - select action, (/) - cycle Shift-Dir - straight line, f/p - Snorg
Aim: Snorg (heavily wounded, berserk, 71% to hit)
You throw a throwing net.
The throwing net completely misses Snorg.
Snorg misses you. Snorg claws you.
* * * LOW HITPOINT WARNING * * *
Snorg claws you!
* * * LOW HITPOINT WARNING * * *
You impale Snorg!! You burn Snorg.
Snorg is severely wounded.
Snorg bites you but does no damage. Snorg claws you but does no damage.
Snorg closely misses you.
You barely miss Snorg.
Snorg is severely wounded.
Snorg is no longer berserk.
Snorg bites you but does no damage. Snorg closely misses you. x2
You barely miss Snorg.
Snorg is severely wounded.
Snorg misses you. Snorg claws you but does no damage. Snorg barely misses you.
You puncture Snorg! You burn Snorg.
Snorg is severely wounded.
Snorg bites you!
* * * LOW HITPOINT WARNING * * *
Snorg completely misses you. Snorg claws you!
You die...

...............##....#....##
#.##.>#.##########.......##
#.###.#..........##.....##
#.# #.#........#####...##
#### #.#
#.#.######.#.#.##.## ..# ..#
#.#.#(..........#'##### #.#
###
#.#.#.####.#..........###.#
#.#.#.<..#...T............#
#.#.#.#.####@########.#####
#.#.#.#.............#.#
#.#.#..###.######.#.# #.#..#
#........#.#
#.###############.#
#.................#
###################


You could see Snorg (slow).

Vanquished Creatures
  Erolcha (D:9)
  A boulder beetle (D:12)
  Erica (D:11)
  3 two-headed ogres
  2 skeletal warriors
  A manticore (D:12)
  2 ugly things (D:11)
  A cyclops (D:11)
  Maurice (D:8)
  An unseen horror (D:10)
  Psyche (D:11)
  2 kobold demonologists (D:12)
  6 trolls
  Grinder (D:5)
  A meliai (D:10)
  A wraith (D:10)
  4 wyverns
  24 yaks
  A vampire (D:12)
  A steam dragon (D:9)
  2 acid dragons
  2 water moccasins
  4 orc warriors
  An ice beast (D:7)
  A black bear (D:10)
  3 ogres
  A phantom (D:4)
  2 centaurs
  5 kobold brigands
  6 scorpions
  2 bullfrogs (D:10)
  A gnoll sergeant (D:9)
  A water moccasin zombie (D:5)
  2 wyvern zombies
  A water moccasin skeleton (D:4)
  14 wights
  6 killer bees (D:11)
  7 howler monkeys
  3 centaur zombies
  Crazy Yiuf (D:7)
  A jelly (D:6)
  2 orc priests
  2 hounds
  3 iguanas
  10 orc wizards
  A hound skeleton (D:4)
  A howler monkey zombie (D:6)
  4 gnolls (D:9)
  9 adders
  2 white imps
  2 ufetubi
  2 worms (D:2)
  2 dart slugs
  39 orcs
  8 ball pythons
  4 endoplasms
  2 giant cockroaches (Sewer)
  10 goblins
  2 hobgoblins (D:4)
  8 jackals
  17 kobolds
  6 quokkas
  8 bats
  6 frilled lizards
  6 rats
278 creatures vanquished.

Vanquished Creatures (collateral kills)
  A skeletal warrior (D:12)
1 creature vanquished.

Vanquished Creatures (others)
  A scorpion (D:7)
  An orc wizard (D:7)
  An orc (D:7)
  10 fungi
  19 plants
32 creatures vanquished.

Grand Total: 311 creatures vanquished

Notes
Turn   | Place    | Note
-------+----------+-------------------------------------------
     0 | D:1      | ZARRMARR the Hill Orc Fighter began the quest for the Orb.
     0 | D:1      | Reached XP level 1. HP: 19/19 MP: 1/1
     3 | D:1      | Noticed an electric eel
     4 | D:1      | Noticed an electric eel
   281 | D:1      | Reached XP level 2. HP: 27/27 MP: 2/2
   407 | D:1      | Reached skill level 3 in Axes
   707 | D:1      | Reached XP level 3. HP: 24/33 MP: 3/3
  1385 | D:2      | Reached skill level 4 in Axes
  1653 | D:2      | Found a faded altar of an unknown god.
  2104 | D:3      | Reached XP level 4. HP: 40/40 MP: 4/4
  2105 | D:3      | Found a glowing drain.
  2118 | Sewer    | Entered a sewer
  2195 | Sewer    | Noticed a kobold brigand
  2205 | Sewer    | Killed a kobold brigand
  2206 | Sewer    | Reached XP level 5. HP: 27/46 MP: 5/5
  2477 | Sewer    | Noticed a kobold brigand
  2497 | Sewer    | Killed a kobold brigand
  2498 | Sewer    | Reached skill level 5 in Axes
  2693 | Sewer    | Noticed a kobold brigand
  2693 | Sewer    | Noticed a kobold brigand
  2710 | Sewer    | Killed a kobold brigand
  2711 | Sewer    | Reached skill level 1 in Dodging
  2711 | Sewer    | Reached XP level 6. HP: 32/55 MP: 6/6
  2948 | D:3      | Found a transporter.
  2959 | D:3      | Found a transporter.
  3338 | D:3      | Noticed shummie's ghost (amateur TeWr)
  3457 | D:3      | Reached skill level 6 in Axes
  3457 | D:3      | Reached skill level 1 in Throwing
  3457 | D:3      | Reached XP level 7. HP: 44/60 MP: 7/7
  3997 | D:4      | Reached skill level 5 in Fighting
  4210 | D:4      | Found Ylail's Antique Armour Shop.
  4584 | D:4      | Reached skill level 5 in Shields
  4647 | D:4      | Reached skill level 7 in Axes
  4723 | D:4      | Reached XP level 8. HP: 47/68 MP: 8/8
  5381 | D:5      | Entered Level 5 of the Dungeon
  5649 | D:5      | Reached skill level 5 in Armour
  5654 | D:5      | Noticed Grinder
  5666 | D:5      | Paralysed by something for 7 turns
  5702 | D:5      | Killed Grinder
  5703 | D:5      | Reached skill level 8 in Axes
  7206 | D:6      | Noticed a wyvern
  7228 | D:6      | Killed a wyvern
  7229 | D:6      | Reached XP level 9. HP: 31/75 MP: 9/9
  7589 | D:6      | Noticed Blork the orc
  7948 | D:7      | Became a worshipper of Beogh the Brigand
  8426 | D:7      | Reached skill level 9 in Axes
  8499 | D:7      | Found a staircase to the Ecumenical Temple.
  8924 | D:7      | Found a runed translucent door.
  8925 | D:7      | Noticed Crazy Yiuf
  9189 | D:8      | Identified the +3 ring mail of a bailey {Rampage rPois rF-
                  | rC+ Will++}
  9306 | D:8      | Found Lachyritam's General Store.
  9313 | D:8      | Noticed Maurice
  9335 | D:8      | Killed Maurice
  9335 | D:8      | Reached * piety under Beogh
  9336 | D:8      | Reached skill level 10 in Axes
  9580 | D:8      | Noticed a two-headed ogre
  9625 | D:8      | Noticed a troll
  9629 | D:8      | Killed a troll
  9630 | D:8      | Reached skill level 1 in Evocations
  9883 | D:8      | Found Faagiph's Armour Emporium.
 10046 | D:8      | Killed a two-headed ogre
 10047 | D:8      | Reached XP level 10. HP: 58/86 MP: 10/10
 10222 | D:8      | Found Suoghee's Weapon Boutique.
 10335 | D:8      | Identified the +6 trident of Poimehed {flame, rN++}
 10425 | D:8      | Found Ximaotao's Book Shop.
 10701 | D:8      | Reached skill level 11 in Axes
 10755 | D:8      | Found Timinie's Jewellery Shoppe.
 11137 | D:7      | Killed Crazy Yiuf
 11302 | D:9      | Reached skill level 1 in Stealth
 11322 | D:9      | Reached skill level 5 in Throwing
 11326 | D:9      | Noticed a two-headed ogre
 11337 | D:9      | Killed a two-headed ogre
 11513 | D:9      | Noticed Erolcha
 11524 | D:9      | Killed Erolcha
 11525 | D:9      | Reached skill level 12 in Axes
 11792 | D:9      | Identified the +3 leather armour of Grim Amelioration
                  | {rElec rF+ Dex+6}
 12000 | D:9      | Reached XP level 11. HP: 90/94 MP: 11/11
 12313 | D:10     | Entered Level 10 of the Dungeon
 12354 | D:10     | Reached ** piety under Beogh
 12396 | D:10     | Reached skill level 13 in Axes
 12500 | D:10     | Found a staircase to the Lair.
 12889 | D:10     | Reached skill level 1 in Polearms
 14293 | D:11     | Noticed a purple ugly thing
 14299 | D:11     | Killed a purple ugly thing
 14302 | D:11     | Noticed a cyclops
 14312 | D:11     | Killed a cyclops
 14600 | D:11     | Noticed Psyche
 14613 | D:11     | Killed Psyche
 14669 | D:11     | Found a staircase to the Orcish Mines.
 14680 | D:11     | Found a glowing golden altar of the Shining One.
 14767 | D:11     | Noticed Erica
 15111 | D:11     | Reached skill level 5 in Polearms
 15125 | D:11     | Killed Erica
 15126 | D:11     | Reached XP level 12. HP: 45/104 MP: 12/12
 16046 | D:12     | Noticed a sun demon
 16072 | D:12     | Reached *** piety under Beogh
 17049 | D:12     | Noticed a two-headed ogre
 17395 | D:12     | Killed a two-headed ogre
 17396 | D:12     | Reached skill level 5 in Dodging
 17592 | D:12     | Noticed a boulder beetle
 17610 | D:12     | Killed a boulder beetle
 17611 | D:12     | Reached skill level 10 in Fighting
 19033 | D:12     | Noticed Snorg
 19069 | D:12     | HP: 3/106 [Snorg (13)]
 19069 | D:12     | Mangled by Snorg

Illustrated notes

Levels and vault maps discovered:
D:1:      arrival_aquarium_b, layout_basic, serial_rivers,
          chequers_serial_rivers_room_a, chequers_serial_rivers_micro_a,
          chequers_serial_rivers_micro_c, chequers_serial_rivers_micro_c,
          chequers_serial_rivers_marsh, chequers_serial_rivers_small_a
D:2:      layout_basic, dreamdust_ecumenical_altar_statues
D:3:      layout_loops_ring, gammafunk_ghost_stat_death, portal_sewer_entry_d
D:4:      layout_loops_ring, serial_forest, infiniplex_forest_clump_curved,
          infiniplex_forest_clump_large, infiniplex_forest_lined_3_way,
          infiniplex_forest_end_1, infiniplex_forest_lined_room_2,
          infiniplex_forest_zigzag_1, infiniplex_forest_straight_5,
          infiniplex_forest_lined_4_way, serial_shops, shop
D:5:      layout_gridville, uniq_grinder
D:6:      cheibrodos_thug_alley, layout_basic, makhleb_blood_cavern_becter,
          amcnicky_mini_corridor_feature, lemuel_flame_loot_1,
          uniq_blork_the_orc
D:7:      layout_loops_ring, minmay_temple_entry_arrows, uniq_crazy_yiuf_cottage
D:8:      layout_layer_cave, serial_shops, kennysheep_little_box, shop,
          nicolae_lakefront_shop, shop, shop_fountains, minmay_misc_feat_iff,
          uniq_maurice
D:9:      layout_rooms, uniq_erolcha
D:10:     layout_gridville, grunt_lair_entry_orc_guard_hut,
          kennysheep_small_circle
D:11:     layout_basic, orc_0_dummy, tso_altar, uniq_erica, uniq_psyche
D:12:     layout_basic, nzn_life_drinkers, uniq_snorg

Skill      XL: |  1  2  3  4  5  6  7  8  9 10 11 12 |
---------------+-------------------------------------+-----
Axes           | 3 4 5 6 7 8 10 12 13 | 13.1
Fighting       | 4 5 6 7 8 9 10 | 10.1
Shields        | 4 5 6 7 |  7.0
Armour         | 4 5 7 8 |  8.4
Dodging        | 1 2 3 4 5 |  5.1
Throwing       | 1 2 4 5 7 |  7.7
Evocations     | 1 |  1.1
Stealth        | 1 2 |  2.6
Polearms       | 5 8 |  8.0

Action                   |  1- 3 |  4- 6 |  7- 9 | 10-12 || total
-------------------------+-------+-------+-------+-------++-------
Melee: War axe           |   123 |   119 |   345 |       ||   587
       Battleaxe         |       |       |    28 |   111 ||   139
       Trident           |       |       |       |   315 ||   315
Throw: Stone             |    20 |    51 |   110 |       ||   181
       Dart              |       |       |    37 |   134 ||   171
       Javelin           |       |       |     5 |    34 ||    39
       Boomerang         |       |       |       |     9 ||     9
       Throwing net      |       |       |       |     1 ||     1
Invok: Convert to Beogh  |       |       |     1 |       ||     1
Evoke: Wand              |       |       |     6 |     2 ||     8
  Use: Scroll            |     2 |     3 |     4 |    15 ||    24
       Potion            |     1 |     3 |     6 |     3 ||    13
 Stab: Sleeping          |       |       |       |     4 ||     4
Armor: Scale mail        |    74 |    49 |    77 |       ||   200
       Ring mail         |       |       |     4 |    79 ||    83
       Leather armour    |       |       |       |    49 ||    49
Dodge: Dodged            |    43 |    49 |   170 |   261 ||   523
Block: Kite shield       |   107 |    84 |   192 |       ||   383
